 Dungeon Crawl Stone Soup version 0.27.1-1-g398f81649c (webtiles) character file.

Game seed: 130394083280394246

4620 Cykl0x the Carver (level 10, -3/84 HPs)
             Began as a Minotaur Fighter on Sept 14, 2021.
             Was a Follower of the Shining One.
             Slain by a hornet (4 damage)
             ... on level 8 of the Dungeon.
             The game lasted 00:11:15 (8783 turns).

Cykl0x the Carver (Minotaur Fighter)                Turns: 8783, Time: 00:11:16

Health: -3/84      AC: 12    Str: 27    XL:     10   Next: 19%
Magic:  12/13      EV: 10    Int: 11    God:    the Shining One [*.....]
Gold:   509        SH: 21    Dex: 11    Spells: 9/9 levels left

rFire    + . .     SeeInvis .   a - +1 long sword
rCold    . . .     Faith    .   c - +1 kite shield
rNeg     . . .     Spirit   .   y - +4 ring mail of the Sun {Contam rF+ Str+4}
rPois    .         Reflect  .   (helmet restricted)
rElec    .         Harm     .   (no cloak)
rCorr    .         Rampage  .   g - +0 pair of gloves
Will     .....                  (no boots)
Stlth    ..........             (no amulet)
HPRegen  0.24/turn              o - +6 ring of intelligence
MPRegen  0.13/turn              (no ring)

@: lethally poisoned (-3 -> -8), divinely shielded, about to teleport, slowed,
glowing, very slow
A: horns 2, retaliatory headbutt
a: Renounce Religion


You were on level 8 of the Dungeon.
You worshipped the Shining One.
The Shining One was aware of your devotion.
You visited 1 branch of the dungeon, and saw 8 of its levels.

You collected 509 gold pieces.

Inventory:

Hand Weapons
 a - a +1 long sword (weapon)
 x - a +2 dagger of freezing
Missiles
 e - 317 stones
 q - 8 boomerangs (quivered)
 t - 8 curare-tipped darts
Armour
 b - a +0 scale mail
 c - a +1 kite shield (worn)
 g - a +0 pair of gloves (worn)
 y - the +4 ring mail of the Sun (worn) {Contam rF+ Str+4}
   (You found it on level 6 of the Dungeon)

   Str:       It affects your strength (+4).
   rF:        It protects you from fire.
   Contam:    It causes magical contamination when unequipped.
Jewellery
 o - a +6 ring of intelligence (left hand)
 u - a ring of positive energy
Wands
 p - a wand of digging (1)
 z - a wand of polymorph (6)
Scrolls
 j - 2 scrolls of amnesia
 k - 5 scrolls of teleportation
 w - 3 scrolls of enchant armour
 A - a scroll of enchant weapon
 B - a scroll of identify
Potions
 d - 2 potions of brilliance
 f - a potion of lignification
 h - 2 potions of haste
 i - a potion of invisibility {unknown}
 l - a potion of degeneration {unknown}
 m - 2 potions of magic {unknown}
 n - a potion of curing
 r - 2 potions of ambrosia {unknown}
 s - a potion of heal wounds {unknown}
 v - 2 potions of attraction {unknown}


   Skills:
 + Level 6.5 Fighting
 + Level 9.8 Long Blades
 + Level 4.3 Throwing
 + Level 7.7 Armour
 + Level 3.8 Dodging
 + Level 8.0 Shields
 * Level 5.9 Invocations
 + Level 0.1 Evocations


You had 9 spell levels left.
You didn't know any spells.
Your spell library contained the following spells:

 Spells                   Type           Power      Damage    Failure   Level
 Slow                     Hex            0%         N/A       88%         2
 Confusing Touch          Hex            0%         N/A       98%         3
 Frozen Ramparts          Ice            0%         1d2       98%         3
 Vampiric Draining        Necr           0%         2d6       98%         3
 Ice Form                 Ice/Tmut       0%         N/A       100%        4
 Summon Ice Beast         Ice/Summ       0%         N/A       100%        4
 Malign Gateway           Summ/Tloc      0%         N/A       100%        7
 Summon Horrible Things   Summ           0%         N/A       100%        8


Dungeon Overview and Level Annotations

Branches:
Dungeon (8/15)             Temple (0/1) D:5            Lair (0/6) D:8

Altars:
Ashenzari
Cheibriados
Dithmenos
Okawaru
Trog
Uskayaw
Vehumet
Zin
The Shining One

Shops:
D:1 =   D:5 :


Innate Abilities, Weirdness & Mutations

You have a pair of horns on your head.
You reflexively headbutt those who attack you in melee.


Message History

You kill the kobold!
You closely miss the kobold. You headbutt the kobold.
You kill the kobold!
A hornet comes into view.
You hit the kobold. You headbutt the kobold.
You kill the kobold!
Items here: ((( )))))) †††.
You hit the hornet but do no damage. Your headbutt misses the hornet.
The hornet misses you. You furiously retaliate!
You headbutt the hornet!
You riposte.
You slash the hornet! Your headbutt misses the hornet.
The hornet is heavily wounded.
You block the hornet's attack.
You closely miss the hornet.
The hornet is heavily wounded.
You block the yak's attack. You block the hornet's attack.
You hit the yak. You headbutt the yak!
The yak is moderately wounded.
You block the hornet's attack. The yak gores you!
* * * LOW HITPOINT WARNING * * *
The hornet stings you but does no damage.
You hit the yak.
The yak is heavily wounded.
The hornet stings you but does no damage.
You block the yak's attack.
Unknown command.
You feel better. The hornet closely misses you. The yak gores you!
* * * LOW HITPOINT WARNING * * *
You block the hornet's attack.
Okay, then.
As you read the scroll of teleportation, it crumbles to dust.
You feel strangely unstable. The hornet stings you.
* * * LOW HITPOINT WARNING * * *
You are poisoned.
You feel yourself slow down. You block the yak's attack.
* * * LOW HITPOINT WARNING * * *
You feel very sick. You block the hornet's attack. The yak gores you.
* * * LOW HITPOINT WARNING * * *
The hornet stings you.
You die...

####............#...............#
..###...##...#........##..##.#
..# .#..##...##.......######.#
#..##...##............#..
#.....................#..
......................#..
#.#####.############'####
#.#####Y###....####..##..
#......y@.......#.....#..
(.....>.........'.....'..
.#..............#.....#.. c
#..............#.....#.. ..#
#..............#.....#.. ##..#
######..##..######'#####
.K[..K###..###'##..#...........
KK...K'.K.KKc......#...........
.....K#............#...........


You could see a yak and a hornet.

Vanquished Creatures
  A centaur warrior (D:8)
  Prince Ribbit (D:6)
  A troll (D:8)
  2 wyverns (D:7)
  A steam dragon (D:6)
  Duvessa (D:7)
  4 water moccasins
  An orc warrior (D:7)
  A sky beast (D:5)
  An ice beast (D:5)
  2 necrophages (D:7)
  2 ogres
  2 centaurs
  3 wolves (D:8)
  A phantom (D:6)
  2 kobold brigands
  2 scorpions
  4 bullfrogs
  Dowan (D:7)
  A water moccasin skeleton (D:3)
  A wight (D:7)
  An electric eel (D:8)
  A centaur zombie (D:8)
  An orc priest (D:7)
  2 gnoll shamans
  3 jellies
  6 hounds
  A centaur skeleton (D:7)
  Ijyb (D:4)
  Terence (D:3)
  5 orc wizards
  7 adders
  6 gnolls
  A river rat (D:8)
  A shadow imp (D:5)
  2 white imps
  An adder skeleton (D:5)
  A worm (D:4)
  12 orcs
  5 endoplasms
  4 giant cockroaches
  8 goblins
  8 hobgoblins
  3 jackals (D:5)
  2 quokkas
  8 ball pythons
  4 bats
  2 frilled lizards
  20 kobolds
  5 rats
157 creatures vanquished.

Notes
Turn   | Place    | Note
-------+----------+-------------------------------------------
     0 | D:1      | Cykl0x the Minotaur Fighter began the quest for the Orb.
     0 | D:1      | Reached XP level 1. HP: 19/19 MP: 0/0
   163 | D:1      | Found a faded altar of an unknown god.
   274 | D:1      | Found Cadyf's Jewellery Shop.
   488 | D:1      | Reached XP level 2. HP: 26/26 MP: 1/1
  1235 | D:2      | Reached XP level 3. HP: 33/33 MP: 2/2
  1250 | D:2      | Reached skill level 3 in Long Blades
  1439 | D:2      | Reached skill level 1 in Throwing
  1919 | D:3      | Reached XP level 4. HP: 22/40 MP: 3/3
  2189 | D:3      | Noticed Terence
  2194 | D:3      | Killed Terence
  2195 | D:3      | Reached XP level 5. HP: 45/46 MP: 4/4
  2210 | D:3      | Found a shadowy altar of Dithmenos.
  2400 | D:3      | Reached skill level 4 in Long Blades
  2745 | D:3      | Found a glowing golden altar of the Shining One.
  2745 | D:3      | Found a bloodstained altar of Trog.
  2751 | D:3      | Became a worshipper of the Shining One
  3100 | D:4      | Noticed an ogre
  3115 | D:4      | Killed an ogre
  3116 | D:4      | Reached skill level 5 in Armour
  3116 | D:4      | Reached skill level 1 in Dodging
  3116 | D:4      | Reached XP level 6. HP: 24/53 MP: 5/5
  3303 | D:4      | Identified the +8 battleaxe of Embarrassment {vorpal, rCorr
                  | Str+3 Int+3}
  3328 | D:4      | Found a broken altar of Ashenzari.
  3328 | D:4      | Noticed Ijyb
  3333 | D:4      | Killed Ijyb
  3334 | D:4      | Reached skill level 1 in Invocations
  3467 | D:4      | Reached skill level 5 in Long Blades
  3467 | D:4      | Reached skill level 5 in Shields
  3582 | D:4      | Noticed a +0 dagger
  3583 | D:4      | Noticed a +0 short sword
  3585 | D:4      | Noticed a +0 spear
  3586 | D:4      | Noticed a +0 spear
  3587 | D:4      | Noticed a +0 falchion
  3588 | D:4      | Noticed a +0 dagger
  3589 | D:4      | Noticed a +0 short sword
  3593 | D:4      | Noticed a +0 falchion
  3675 | D:4      | Found a hide-covered altar of Uskayaw.
  3755 | D:4      | Found a snail-covered altar of Cheibriados.
  3802 | D:5      | Entered Level 5 of the Dungeon
  3826 | D:5      | Found Mifegy's Self-Improvement Boutique.
  3835 | D:5      | Reached XP level 7. HP: 57/60 MP: 7/7
  4124 | D:5      | Found a glowing silver altar of Zin.
  4243 | D:5      | Reached * piety under the Shining One
  4283 | D:5      | Found a staircase to the Ecumenical Temple.
  4892 | D:6      | Reached skill level 5 in Fighting
  4892 | D:6      | Reached skill level 6 in Long Blades
  4892 | D:6      | Reached XP level 8. HP: 65/68 MP: 9/9
  5832 | D:6      | Identified the +4 ring mail of the Sun {Contam rF+ Str+4}
  6132 | D:7      | Found a radiant altar of Vehumet.
  6141 | D:7      | Reached skill level 7 in Long Blades
  6337 | D:7      | Reached XP level 9. HP: 65/74 MP: 11/11
  6379 | D:7      | Found an iron altar of Okawaru.
  6488 | D:7      | Reached skill level 8 in Long Blades
  6920 | D:7      | Noticed Prince Ribbit
  6938 | D:7      | Reached ** piety under the Shining One
  6998 | D:7      | Noticed Duvessa
  7000 | D:7      | Noticed Dowan
  7007 | D:7      | Killed Duvessa
  7008 | D:7      | Reached skill level 5 in Invocations
  7050 | D:6      | Killed Prince Ribbit
  7374 | D:7      | Killed Dowan
  7924 | D:8      | Found a staircase to the Lair.
  7924 | D:8      | Noticed a troll
  7947 | D:8      | Reached skill level 9 in Long Blades
  7958 | D:8      | Killed a troll
  8595 | D:8      | Reached XP level 10. HP: 74/84 MP: 13/13
  8731 | D:8      | Noticed a centaur warrior
  8764 | D:8      | Killed a centaur warrior
  8783 | D:8      | HP: 1/84 [yak (5)]
  8783 | D:8      | Slain by a hornet

Illustrated notes

Levels and vault maps discovered:
D:1:      tarquinn_simple_flora_water_b, layout_loops_cross, serial_shops, shop,
          shapermc_ecumenical_altar_notcrosses, hangedman_feature_mirror
D:2:      layout_loops_ring, minmay_ruptured
D:3:      layout_loops_corners, mainiacjoe_overflow_24_doors,
          gammafunk_temple_overflow_wave, minmay_surrounded, uniq_terence
D:4:      layout_basic, amcnicky_altar_gilded, nicolae_uskayaw_en_pointe,
          nicolae_overflow_crystal_walls, uniq_ijyb
D:5:      layout_gridville, zin_treasury, minmay_temple_entry_wispy,
          minmay_crystal_water, hex_medium, dk_noncrumbling_2,
          dk_noncrumbling_4, nicolae_shop_self_help
D:6:      layout_basic
D:7:      minmay_angry_zag, layout_basic, vehumet_crystals,
          lemuel_crystal_altar, columned_hall_lemuel, uniq_prince_ribbit1,
          uniq_duvessa
D:8:      layout_gridville, erik_lair_island, minmay_manual_mail

Skill      XL: |  1  2  3  4  5  6  7  8  9 10 |
---------------+-------------------------------+-----
Armour         | 4 5 6 7 |  7.7
Fighting       | 4 5 6 |  6.5
Long Blades    | 3 4 5 6 7 9 |  9.8
Throwing       | 1 2 3 4 |  4.3
Shields        | 4 5 6 7 8 |  8.0
Dodging        | 1 2 3 |  3.8
Invocations    | 1 3 4 5 |  5.9
Evocations     | |  0.1

Action                   |  1- 3 |  4- 6 |  7- 9 | 10-12 || total
-------------------------+-------+-------+-------+-------++-------
Melee: Long sword        |   100 |    89 |   251 |    24 ||   464
       Headbutt          |    18 |    14 |    48 |     7 ||    87
Throw: Stone             |    41 |    37 |    51 |       ||   129
       Dart              |       |       |    16 |       ||    16
       Boomerang         |       |       |    18 |       ||    18
Invok: Divine Shield     |       |       |     1 |     1 ||     2
Evoke: Wand              |       |     1 |     3 |       ||     4
  Use: Scroll            |     6 |     1 |     4 |     1 ||    12
       Potion            |       |     1 |       |     2 ||     3
Armor: Scale mail        |    44 |    32 |    39 |       ||   115
       Ring mail         |       |       |    50 |    13 ||    63
Dodge: Dodged            |    30 |    23 |    89 |     9 ||   151
Block: Kite shield       |    60 |    48 |   192 |    22 ||   322
       Rpst.: Long sword |     6 |     6 |    22 |     1 ||    35
